Map: 国王藏宝地-天梯版

Players

puCK (Nina) - Winner!

  • Race: Protoss Protoss

MeomaikA

  • Race: Zerg Zerg
  • League: Bronze

Event: WESG 2018 Grand Finals

VOD

Have the link to the VOD?

Description

Time

  • Played on: March 11, 2019, 7:11 a.m.
  • Length: 13:46

All games in this series

Show
View Real Time Build Order
Export as new Build Order

puCK Protoss - Winner!

Build Orders: Oracle Opening, Archon Immortal 

Get SALT Encoding   

  12  0:00  Probe  
  13  0:13  Probe  
  14  0:18  Pylon  
  14  0:25  Probe  
  15  0:33  Probe  
  15  0:39  Gateway  
  15  0:41  Probe  
  16  0:49  Assimilator  
  17  0:51  Probe  
  18  1:03  Probe  
  19  1:15  Probe  
  20  1:21  Zealot  
  20  1:27  Cybernetics Core  
  20  1:30  Probe  
  20  1:31  Pylon  
  23  1:49  Probe  
  24  1:55  Adept  
  24  2:02  Probe  
  24  2:06  Assimilator  
  27  2:14  Probe  
  30  2:31  Nexus  
  30  2:34  Probe  
  31  2:45  Stargate, Warp Gate  
  31  2:46  Probe  
  31  2:51  Pylon  
  30  2:58  Probe  
  31  3:10  Adept  
  31  3:11  Probe  
  34  3:23  Probe  
  35  3:34  Oracle  
  38  3:35  Probe  
  37  3:42  Probe  
  37  3:43  Adept, Probe  
  41  3:50  Probe  
  41  3:51  Probe  
  41  3:53  Pylon  
  43  3:56  Pylon  
  43  4:00  Probe  
  43  4:01  Probe, Oracle  
  44  4:04  Gateway  
  45  4:12  Probe  
  45  4:15  Probe  
  50  4:24  Probe  
  50  4:27  Probe  
  50  4:35  Adept  
  50  4:36  Probe  
  52  4:39  Probe, Assimilator  
  52  4:41  Assimilator  
  52  4:42  Oracle  
  56  4:48  Pylon, Probe  
  57  4:53  Pylon  
  57  4:58  Adept  
  59  5:02  Probe  
  59  5:04  Nexus  
  59  5:05  Probe  
  61  5:14  Probe  
  61  5:17  Probe  
  61  5:19  Pylon  
  61  5:20  Pylon  
  63  5:23  Pylon  
  63  5:25  Pylon  
  61  5:31  Probe  
  62  5:39  Adept  
  62  5:40  Adept  
  62  5:41  Probe  
  64  5:43  Probe  
  64  5:47  Robotics Facility  
  65  5:51  Robotics Facility  
  65  5:53  Probe  
  65  5:56  Pylon, Probe  
  67  6:05  Adept, Probe  
  67  6:08  Probe  
  67  6:09  Twilight Council  
  67  6:11  Forge  
  71  6:15  Probe  
  71  6:17  Probe  
  73  6:20  Probe  
  73  6:24  Immortal  
  74  6:25  Adept  
  74  6:26  Adept  
  74  6:28  Probe  
  74  6:29  Probe  
  74  6:30  Probe  
  85  6:40  Probe, Immortal  
  85  6:42  Probe  
  87  6:50  Protoss Ground Weapons Level 1  
  87  6:51  Probe, Charge  
  92  6:54  Templar Archives  
  92  6:55  Probe x2  
  92  6:56  Shield Battery  
  92  6:58  Sentry x2  
  92  7:00  Shield Battery  
  98  7:07  Pylon  
  98  7:10  Probe  
  98  7:11  Probe  
  98  7:13  Probe  
  98  7:15  Assimilator  
  101  7:17  Assimilator  
  99  7:26  Probe  
  99  7:29  Probe, Immortal x2  
  95  7:30  Probe  
  92  7:38  Probe  
  92  7:40  Gateway  
  92  7:41  Psionic Storm, Probe, Gateway  
  102  7:50  Probe x2  
  104  7:55  High Templar x2  
  108  8:01  Shield Battery, Probe  
  108  8:05  Probe  
  110  8:06  Gateway  
  110  8:08  Immortal  
  114  8:13  Immortal  
  114  8:17  Probe, Photon Cannon  
  114  8:18  Probe  
  120  8:21  Photon Cannon  
  119  8:29  High Templar x2  
  119  8:31  Probe, Gateway  
  119  8:32  Gateway  
  124  8:39  Pylon  
  124  8:40  Pylon  
  124  8:41  Pylon  
  124  8:43  Pylon  
  124  8:52  Protoss Ground Weapons Level 2  
  124  8:54  Pylon  
  124  8:58  Adept  
  124  8:59  Adept  
  128  9:03  Gateway  
  128  9:05  Gateway  
  128  9:07  Immortal  
  128  9:09  Photon Cannon  
  132  9:10  High Templar  
  134  9:19  Immortal  
  138  9:25  High Templar x2  
  138  9:27  Photon Cannon  
  138  9:30  Archon  
  142  9:37  Photon Cannon  
  142  9:42  Photon Cannon  
  142  9:43  Nexus  
  142  9:45  Pylon  
  142  9:47  High Templar x2  
  146  9:53  Archon  
  144  10:07  Pylon  
  140  10:16  Phoenix  
  140  10:17  Photon Cannon x2  
  140  10:18  High Templar x2  
  140  10:19  High Templar x2  
  150  10:23  Pylon  
  150  10:24  Pylon, Archon x2  
  150  10:32  Photon Cannon  
  150  10:34  Assimilator  
  150  10:38  Assimilator  
  129  10:51  Probe  
  129  10:55  Archon  
  120  10:58  Zealot x4  
  120  10:59  Zealot x3  
  112  11:05  Probe  
  112  11:06  Protoss Ground Weapons Level 3  
  112  11:08  Probe  
  110  11:11  Probe  
  110  11:12  Probe  
  110  11:18  Probe  
  113  11:20  Probe  
  113  11:21  Zealot  
  113  11:22  High Templar x2  
  113  11:23  High Templar x2  
  118  11:29  High Templar x2, Probe, Blink  
  123  11:34  Archon, Photon Cannon x2  
  123  11:37  Warp Prism, Photon Cannon  
  123  11:38  Photon Cannon  
  117  11:40  Shield Battery  
  117  11:45  Nexus  
  117  11:46  Pylon  
  115  11:48  Pylon  
  115  11:49  Observer  
  115  11:50  Zealot x3  
  124  11:57  High Templar x2  
  124  11:58  High Templar  
  130  12:02  Archon  
  130  12:03  Zealot x2  
  130  12:07  Zealot  
  136  12:11  Gateway  
  136  12:14  Gateway  
  136  12:18  Shield Battery  
  136  12:20  Shield Battery  
  136  12:22  Photon Cannon  
  134  12:23  Photon Cannon  
  134  12:29  Zealot x3  
  136  12:30  Zealot x3  
  134  12:38  Fleet Beacon  
  134  12:46  Stargate x2  
  134  12:50  Zealot  
  134  12:51  Zealot x2  
  140  13:03  Probe  
  135  13:13  Pylon  
  135  13:14  Pylon, Probe  
  135  13:17  Assimilator  
  126  13:21  Assimilator  
  126  13:23  Zealot x5  
  126  13:24  Zealot x5  
  138  13:37  Zealot  
  136  13:45  Zealot x2  
Show
View Real Time Build Order
Export as new Build Order

MeomaikA Zerg 

Build Orders: 3 Hatch before Pool 

Get SALT Encoding   

  12  0:00  Drone  
  13  0:08  Drone  
  14  0:17  Overlord  
  14  0:23  Drone, Extractor  
  15  0:35  Drone x2  
  17  0:53  Hatchery  
  17  0:56  Drone  
  17  1:19  Hatchery  
  17  1:22  Drone  
  17  1:25  Drone  
  18  1:39  Spawning Pool  
  17  1:42  Extractor  
  17  1:43  Drone  
  17  1:47  Drone  
  17  1:52  Drone  
  19  1:59  Drone  
  20  2:05  Overlord  
  20  2:08  Drone  
  21  2:16  Drone  
  21  2:17  Drone  
  24  2:27  Queen x2, Drone x2  
  30  2:38  Overlord  
  30  2:39  Drone  
  31  2:46  Metabolic Boost  
  31  2:48  Drone  
  31  2:49  Drone  
  33  2:57  Spore Crawler  
  31  3:01  Spore Crawler  
  31  3:04  Drone x2  
  31  3:10  Drone x2  
  33  3:19  Spore Crawler  
  31  3:21  Drone x2  
  34  3:30  Spore Crawler  
  34  3:31  Drone  
  34  3:32  Drone  
  35  3:42  Overlord  
  35  3:44  Drone  
  35  3:45  Drone  
  35  3:47  Zergling x2  
  40  3:48  Zergling x2  
  40  3:49  Zergling x2  
  40  3:50  Zergling x4  
  43  3:56  Zergling x2  
  43  4:01  Overlord  
  44  4:05  Hatchery  
  44  4:07  Drone  
  44  4:08  Extractor x2  
  42  4:10  Drone  
  42  4:11  Drone x2  
  42  4:15  Drone x2  
  47  4:21  Lair  
  47  4:25  Drone x2  
  47  4:28  Drone  
  47  4:31  Drone  
  50  4:34  Drone  
  49  4:41  Overlord  
  49  4:45  Overlord  
  49  4:46  Zergling x6  
  49  4:47  Zergling x2  
  49  4:50  Zergling x2  
  54  4:55  Zergling x2  
  54  4:57  Zergling x4  
  57  5:11  Drone x2  
  58  5:17  Queen  
  58  5:18  Drone x2  
  58  5:19  Drone x3  
  58  5:21  Drone  
  66  5:22  Drone  
  66  5:25  Drone  
  66  5:26  Drone  
  66  5:30  Hydralisk Den  
  66  5:33  Hydralisk Den, Drone  
  66  5:35  Drone  
  64  5:36  Drone  
  64  5:39  Drone x2  
  65  5:46  Spore Crawler  
  65  5:49  Drone x4  
  68  5:52  Overlord  
  67  6:00  Grooved Spines  
  67  6:01  Hydralisk x3  
  71  6:05  Muscular Augments  
  71  6:07  Hydralisk  
  71  6:09  Extractor  
  71  6:10  Evolution Chamber  
  70  6:12  Hydralisk  
  70  6:15  Hydralisk  
  70  6:17  Hydralisk  
  76  6:19  Hydralisk  
  76  6:21  Hydralisk  
  80  6:26  Drone x3  
  80  6:28  Hydralisk  
  80  6:31  Zergling x2  
  80  6:32  Zergling x2  
  87  6:33  Zergling x2  
  87  6:34  Zergling x2  
  87  6:36  Zerg Missile Weapons Level 1  
  89  6:40  Baneling Nest  
  89  6:43  Hydralisk x2  
  83  6:51  Drone x3  
  85  6:56  Hydralisk  
  85  6:58  Hydralisk  
  89  7:01  Hydralisk  
  89  7:02  Hatchery  
  89  7:04  Overlord  
  89  7:07  Overlord  
  90  7:13  Overlord x2  
  90  7:20  Hydralisk x2  
  90  7:22  Hydralisk  
  91  7:23  Hydralisk  
  91  7:25  Hydralisk  
  91  7:26  Hydralisk  
  91  7:29  Hydralisk  
  97  7:32  Hydralisk  
  97  7:33  Zergling x2  
  101  7:38  Drone x2  
  101  7:39  Drone x2  
  101  7:42  Hydralisk  
  107  7:45  Hydralisk  
  107  7:46  Hydralisk  
  110  7:52  Baneling  
  110  7:53  Baneling x4  
  110  7:54  Zergling x6  
  110  7:56  Zergling x4  
  115  7:58  Zergling x4  
  115  8:00  Zergling x2  
  115  8:03  Zergling x2  
  118  8:08  Zergling x2  
  118  8:09  Overlord, Zergling x4  
  121  8:13  Overlord  
  121  8:15  Zergling x2  
  121  8:16  Zergling x2  
  121  8:19  Zergling x2  
  124  8:22  Zergling x2  
  125  8:28  Drone  
  125  8:29  Drone x7  
  125  8:31  Zerg Ground Armor Level 1  
  133  8:36  Spire  
  133  8:38  Drone x3  
  133  8:40  Drone  
  136  8:47  Drone x3  
  136  8:48  Drone x2  
  141  8:49  Spore Crawler  
  141  8:51  Hydralisk  
  141  8:52  Evolution Chamber  
  141  8:54  Zergling x4  
  141  8:55  Zergling x2  
  144  9:02  Overlord x2  
  144  9:03  Overlord  
  144  9:06  Centrifical Hooks  
  143  9:11  Baneling x9  
  143  9:16  Overlord x2  
  143  9:18  Zerg Missile Weapons Level 2  
  143  9:21  Zergling x2  
  143  9:22  Zergling x2  
  145  9:24  Hydralisk  
  145  9:25  Zergling x4, Extractor  
  145  9:26  Drone  
  149  9:33  Infestation Pit, Zergling x2  
  149  9:34  Zergling x8  
  152  9:45  Baneling  
  152  9:46  Baneling x5  
  152  9:47  Zergling x2  
  152  9:55  Hydralisk x2  
  152  9:57  Hatchery  
  152  9:58  Hydralisk  
  152  9:59  Zergling x2  
  157  10:03  Drone  
  157  10:04  Drone x2, Hydralisk  
  157  10:05  Hydralisk  
  164  10:10  Zergling x2  
  164  10:11  Zergling x18  
  173  10:15  Hydralisk  
  175  10:23  Baneling  
  175  10:24  Zergling x10, Baneling x7  
  175  10:25  Overlord  
  175  10:28  Hydralisk  
  180  10:33  Hydralisk  
  180  10:34  Overlord x2  
  178  10:43  Hydralisk  
  178  10:44  Hydralisk x2  
  178  10:48  Hydralisk  
  149  10:50  Zergling x2  
  149  10:51  Zergling x16  
  149  10:56  Zergling x2  
  144  10:59  Zergling x6  
  116  11:05  Hydralisk  
  116  11:08  Hydralisk x2  
  98  11:11  Hive  
  98  11:12  Drone x2, Extractor  
  98  11:14  Drone x2  
  98  11:15  Queen  
  98  11:16  Queen  
  98  11:17  Drone x2  
  104  11:18  Hydralisk  
  104  11:20  Drone x2  
  104  11:25  Drone  
  106  11:29  Drone  
  106  11:32  Queen  
  107  11:33  Extractor  
  107  11:35  Hydralisk  
  107  11:38  Hydralisk  
  106  11:42  Hydralisk  
  106  11:44  Zergling x2  
  106  11:45  Drone x3  
  106  11:46  Drone  
  113  11:49  Drone x2  
  113  11:53  Drone x2  
  117  11:55  Drone  
  116  12:13  Drone x4  
  116  12:14  Drone x3  
  116  12:15  Extractor  
  122  12:16  Extractor  
  122  12:20  Spine Crawler  
  120  12:26  Zergling x2  
  120  12:27  Zergling x32  
  133  12:32  Greater Spire  
  133  12:34  Corruptor  
  133  12:35  Corruptor  
  133  12:36  Corruptor x2  
  140  12:44  Baneling x5  
  140  12:45  Baneling  
  140  12:46  Baneling x5  
  140  12:48  Baneling x10  
  140  12:49  Zergling x2  
  141  12:52  Hydralisk  
  141  12:53  Hydralisk  
  141  12:55  Hydralisk  
  139  13:05  Hydralisk  
  139  13:06  Hydralisk x4  
  139  13:08  Zergling x2  
  147  13:19  Drone x10  
Tags
 
Add a new tag
Caveats
  • Supply blocks, unpowered buildings, or Contaminate may cause inaccurate times.
  • Supply counts are checked every 10 seconds.